[Event "*** Titled Tuesday Blitz"]
[Site "Chess.com"]
[Date "2018.01.02"]
[Round "7"]
[White "SquashMaestro"]
[Black "IamSchrodingersCat"]
[Result "0-1"]
[WhiteElo "2244"]
[BlackElo "2378"]
[TimeControl "180+2"]
[EndTime "14:36:24 PST"]
[Termination "IamSchrodingersCat won by resignation"]

1. e4 c5 2. d4 cxd4 3. c3 dxc3 4. Nxc3 Nc6 5. Nf3 e6 6. Bc4 d6 7. O-O Nf6 8. Qe2 Qc7 9. Bg5 Be7 10. Rac1 Ng4 11.
Bxe7 Qxe7 12. h3 Nge5 13. Bb5 O-O 14. Nxe5 Nxe5 15. f4 Ng6 16. f5 Ne5 17. Ba4 Bd7 18. Bb3 Rac8 19. Nb5 Bxb5 20. Qxb5 exf5 21. exf5 Rc5 22.
Rxc5 dxc5 23. f6 gxf6 24. Bc2 Rd8 25. Qe2 Qd6 26. Qh5 Ng6 27. Qf5 Kg7 28. h4 Qd4+ 29. Rf2 Qxh4 30. Qxc5 Re8 31. Qc3 a6 32. Bb3 Re7 33.
a4 Qg5 34. Rf3 Qe5 35. Qc4 Qxb2 36. Bc2 b5 37. axb5 axb5 38. Qc5 Qe5 39. Qc6 b4 40.
Qc4 Qe1+ 41. Rf1 Qc3 42. Bb3 Qxc4 43. Bxc4 Rc7 44. Bd5 Ne5 45. Rb1 Nd3 46. Kh2 Rc1 47. Rb3 Rc3 48. Rb1 f5 49. g3 Rc2+ 50. Kh3 Kf6 51. g4 Nf4+ 52. Kg3 Nxd5 53. gxf5 Kxf5 54. Rf1+ Ke4 55. Rxf7 b3 56. Rxh7 b2 57. Rb7 Nc3 58. Rb4+ Kd3 59. Rb3 b1=Q 60. Rxb1 Nxb1 61. Kf4 Re2 62.
Kf5 Nc3 63. Kf6 Re4 0-1

[Event "*** Titled Tuesday Blitz"]
[Site "Chess.com"]
[Date "2018.01.02"]
[Round "7"]
[White "Kacparov"]
[Black "SmoothAsAHedgehog"]
[Result "0-1"]
[WhiteElo "2635"]
[BlackElo "2542"]
[TimeControl "180+2"]
[EndTime "14:36:26 PST"]
[Termination "SmoothAsAHedgehog won by resignation"]

1. e4 e5 2. Nf3 Nc6 3. Bb5 a6 4. Ba4 Nf6 5. O-O Be7 6. Re1 b5 7. Bb3 d6 8. c3 O-O 9. h3 Nb8 10.
d4 Nbd7 11. Nbd2 Bb7 12. Bc2 Re8 13. Nf1 Bf8 14. Ng3 g6 15. a4 Bg7 16. b3 exd4 17. cxd4 c5 18. Bb2 cxd4 19. Bxd4 Ne5 20. a5 Nxf3+ 21.
Qxf3 Nd7 22. Bxg7 Kxg7 23. b4 Ne5 24. Qe3 Nc4 25. Qd4+ Qf6 26. Rad1 Qxd4 27. Rxd4 d5 28. Red1 dxe4 29. Bxe4 Bxe4 30. Nxe4 Nb2 31. R1d2 Nc4 32. Rd1 Nb2 33. Rc1 Red8 34. Rxd8 Rxd8 35. Nc5 Rd6 36. Re1 Kf8 37. Re3 Nc4 38. Re2 h5 39. h4 Na3 40. g3 Nc4 41. Kg2 Na3 42. f3 Nc4 43.
Kh3 Na3 44. Kh2 Nc4 45. Kg2 Na3 46. Re4 Nc2 47. Kh3 Kg7 48. g4 hxg4+ 49. fxg4 Rc6 50. Nd7 Rc3+ 51. Kh2 Rb3 52. g5 Rxb4 53. Re8 Rxh4+ 54. Kg3 Rh5 55. Kg4 Rh8 56. Re2 Nd4 57. Re7 Nc6 58.
Re1 Nxa5 59. Ra1 Nc4 60. Rxa6 Rd8 61. Nf6 Rd4+ 62. Kg3 Rd3+ 63. Kf4 Rd4+ 64. Kg3 Rd8 65. Ra7 Nd6 66. Kf4 Nf5 67. Rb7 Nd4 68. Kg4 Kf8 69. Nh7+ Kg7 70. Nf6 Ne6 71. Ne4 Rd4 72. Kf3 Rxe4 73.
Rxb5 Nd4+ 0-1

[Event "*** Titled Tuesday Blitz"]
[Site "Chess.com"]
[Date "2018.01.02"]
[Round "7"]
[White "DagurR"]
[Black "hypert"]
[Result "1-0"]
[WhiteElo "2326"]
[BlackElo "2299"]
[TimeControl "180+2"]
[EndTime "14:36:36 PST"]
[Termination "DagurR won by resignation"]

1. d4 d5 2. c4 c6 3. Nf3 Nf6 4. Nc3 dxc4 5. a4 Bf5 6. e3 e6 7. Bxc4 Bb4 8. O-O Nbd7 9. Nh4 Bg4 10. f3 Bh5 11. g4 Bg6 12. Ng2 Qa5 13. Na2 Bd6 14. Bd2 Qc7 15. f4 Be4 16. Nc3 h5 17. g5 Bxg2 18. Kxg2 Nd5 19. Rc1 N7b6 20. Nb5 Qe7 21.
Nxd6+ Qxd6 22. Be2 O-O-O 23. a5 Nd7 24. a6 b6 25. Qa4 Nb8 26. Rc2 h4 27. h3 f6 28.
Rfc1 Ne7 29. Bf3 Kd7 30. Bb4 Qc7 31. Bxe7 Kxe7 32. Bxc6 fxg5 33. Qb4+ Qd6 34. Qxd6+ Kxd6 35. Bb5 gxf4 36. exf4 Rhf8 37. Rc7 Rxf4 38. Rxa7 Rxd4 39. Rc2 Ke5 40. Rxg7 Rb4 41. Be2 Kf6 42. Rh7 Ra4 43.
a7 Nd7 44. Rc7 Ne5 45. Rh6+ Kf5 46. Rh5+ Kf6 47. Rch7 Rg8+ 48. Kf2 Nf7 49. Rxh4 Rxa7 50. Rf4+ Ke5 51. Rfxf7 Ra2 52. Rh5+ Kd6 53. Rf3 Rxb2 54. Rd3+ Ke7 55. Rh7+ Kf6 56. h4 Rc8 57. h5 Rcc2 58. Re3 Rc5 59. Rh6+ Kg7 60. Rhxe6 Rf5+ 61. Ke1 Rb1+ 62. Kd2 b5 63. h6+ Kh8 64. Re8+ Kh7 65. Bd3 Kxh6 66. Bxf5 1-0

[Event "*** Titled Tuesday Blitz"]
[Site "Chess.com"]
[Date "2018.01.02"]
[Round "7"]
[White "OparinGrigoriy"]
[Black "RoelandPruijssers"]
[Result "0-1"]
[WhiteElo "2715"]
[BlackElo "2559"]
[TimeControl "180+2"]
[EndTime "14:36:48 PST"]
[Termination "RoelandPruijssers won by resignation"]

1. e4 c5 2. Nf3 d6 3. d4 cxd4 4. Nxd4 Nf6 5. Nc3 Nc6 6. Bg5 Bd7 7. Qd2 Rc8 8. Nxc6 bxc6 9. Bc4 Qa5 10. O-O-O h6 11.
Be3 Qb4 12. Bb3 c5 13. a3 Qb7 14. e5 dxe5 15. Bc4 e6 16. Qe2 Rb8 17. b3 Be7 18. f4 exf4 19. Bxf4 Rd8 20. g4 O-O 21. g5 hxg5 22. Bxg5 Bc6 23. Rhf1 Rxd1+ 24. Qxd1 Ne4 25. Nxe4 Bxe4 26. Bxe7 Qxe7 27. Qg4 Bf5 28. Qg3 Qf6 29. Kb1 Rd8 30. Bd3 Rxd3 31. cxd3 Qc3 32. Qb8+ Kh7 33. Rxf5 Qxd3+ 34. Kb2 exf5 35. Qxa7 Qd4+ 36. Kb1 f4 37. Qxf7 Qd3+ 38. Kb2 Qd4+ 39. Kb1 Qe4+ 40. Kb2 f3 41. a4 Qe2+ 42. Ka3 f2 43. Qf5+ Kh6 44.
Qf4+ g5 45. Qf8+ Kh5 46. h3 f1=Q 47. Qh8+ Kg6 48. Qg8+ Kf5 49. Qf7+ Ke4 50. Qe7+ Kf4 51. Qf6+ Ke4 52. Qe6+ Kd3 53. Qd5+ Kc2 54. Qxc5+ Kb1 55. a5 Qb2+ 56. Ka4 Qf4+ 57. b4 Qe4 58. a6 Qec2+ 59. Kb5 Qxc5+ 60. Kxc5 Qe5+ 61. Kb6 Qd6+ 62. Ka5 Kb2 63.
a7 Qc6 64. b5 Qb7 65. b6 Kc3 66. Kb5 Kd4 0-1

[Event "*** Titled Tuesday Blitz"]
[Site "Chess.com"]
[Date "2018.01.02"]
[Round "7"]
[White "Kirill_Klukin"]
[Black "mishanick"]
[Result "0-1"]
[WhiteElo "2458"]
[BlackElo "2767"]
[TimeControl "180+2"]
[EndTime "14:36:58 PST"]
[Termination "mishanick won by resignation"]

1. Nf3 d5 2. d4 Nf6 3. c4 e6 4. Nc3 c5 5. cxd5 Nxd5 6. e4 Nxc3 7. bxc3 cxd4 8. cxd4 Bb4+ 9. Bd2 Bxd2+ 10. Qxd2 O-O 11.
Be2 b6 12. O-O Bb7 13. Qe3 Nd7 14. Rfd1 Nf6 15. Nd2 Rc8 16. f3 Qe7 17. Rac1 Qb4 18. Nb3 Rfd8 19. Rxc8 Rxc8 20. Qd2 Qa3 21. Rc1 Rxc1+ 22.
Nxc1 h6 23. Bc4 e5 24. Bb3 exd4 25. Ne2 Nd7 26. Nxd4 Qc5 27. Kh1 Qd6 28. Qc3 g6 29. h3 Nc5 30. Nb5 Qd7 31. Nd4 Qd6 32. Nb5 Qd7 33. Nd4 h5 34. Bc4 Qd6 35. Nb5 Qf4 36. Qd4 Bxe4 37. Nd6 Qc1+ 38. Kh2 Qf4+ 39. Kh1 Qc1+ 40.
Kh2 Qf4+ 41. Kg1 Qc1+ 42. Kf2 Nd3+ 43. Bxd3 Qd2+ 44. Kg3 Bxd3 45. Qf6 Qe1+ 46. Kh2 Qe6 47. Qxe6 fxe6 48. Nc8 Bb5 49. Nxa7 Bd7 50. a4 Bxa4 51.
Nc8 b5 52. Nb6 Bb3 53. Kg3 Kf7 54. Kf4 Kf6 55. Ke4 Bc2+ 56. Kd4 b4 57. Nc4 b3 58. g3 Bd1 59. f4 Be2 60. Nb2 Bf1 61. h4 Kf5 62. Nd1 Kg4 63. Ne3+ Kxg3 64. Nxf1+ Kxh4 65. Kc3 Kg4 66. Kxb3 h4 67. Kc3 Kxf4 68. Kd3 Kf3 69.
Nh2+ Kg2 70. Ng4 h3 71. Ne3+ Kf2 72. Ng4+ Kg3 73. Ne3 h2 0-1

[Event "*** Titled Tuesday Blitz"]
[Site "Chess.com"]
[Date "2018.01.02"]
[Round "7"]
[White "GGuseinov"]
[Black "FairChess_on_YouTube"]
[Result "1-0"]
[WhiteElo "2722"]
[BlackElo "2749"]
[TimeControl "180+2"]
[EndTime "14:37:30 PST"]
[Termination "GGuseinov won by resignation"]

1. e4 c5 2. Nc3 a6 3. Nf3 e6 4. d4 cxd4 5. Nxd4 Nc6 6. g3 d6 7. Bg2 Bd7 8. O-O Nf6 9. Nxc6 Bxc6 10. a4 Be7 11. a5 O-O 12. Be3 Rc8 13. Re1 Nd7 14. Na4 Qe8 15. Nb6 Nxb6 16. Bxb6 Qd7 17. c4 f5 18. Qd3 f4 19. Rad1 e5 20. c5 Rf6 21. b4 Qe6 22. Rd2 Rcf8 23. Red1 dxc5 24.
Bxc5 Bxc5 25. bxc5 h5 26. Qc3 Qg4 27. Qxe5 h4 28.
h3 Qg6 29. g4 Re6 30. Qc3 f3 31. Bf1 Rxe4 32. Rd4 Rxd4 33. Qxd4 Qf6 34. Bc4+ Kh8 35. Qxf6 gxf6 36. Be6 Kg7 37. Bd5 Rc8 38. Bxc6 Rxc6 39. Rd5 Re6 40. Kf1 Re4 41. Rf5 Ra4 42. Rxf3 Rxa5 43. Rb3 Rxc5 44. Rxb7+ Kg6 45. Ra7 Ra5 46. Kg2 f5 47. Ra8 fxg4 48. hxg4 Ra3 49. f3 a5 50. Kh3 Rxf3+ 51. Kxh4 Ra3 52. Ra6+ Kf7 53. Kg5 a4 54. Ra7+ Ke6 55. Kg6 Rg3 56. Rxa4 Ke7 57. g5 Rg1 58. Ra7+ Kf8 59. Ra8+ Ke7 60. Rg8 Rg2 61. Kh7 Kf7 62. g6+ Kf6 63. Rf8+ Ke7 64. g7 Rh2+ 65. Kg8 Rh1 66. Rf4 Rg1 67. Rf2 Rg3 68.
Re2+ Kf6 69. Kf8 Ra3 70. Rf2+ 1-0

[Event "*** Titled Tuesday Blitz"]
[Site "Chess.com"]
[Date "2018.01.02"]
[Round "7"]
[White "VerdeNotte"]
[Black "eldur16"]
[Result "1/2-1/2"]
[WhiteElo "2662"]
[BlackElo "2515"]
[TimeControl "180+2"]
[EndTime "14:37:33 PST"]
[Termination "Game drawn - insufficient material"]

1. e4 Nf6 2. e5 Nd5 3. c4 Nb6 4. d4 d6 5. f4 dxe5 6. fxe5 Nc6 7.
Be3 Bf5 8. Nc3 e6 9. Nf3 Be7 10. Be2 O-O 11. O-O f6 12. Qe1 fxe5 13. dxe5 Nd7 14.
Rd1 Qe8 15. Nb5 Rc8 16. Qg3 Bc5 17. Nbd4 Nxd4 18. Nxd4 Qg6 19. b4 Qxg3 20. hxg3 Bxd4 21. Bxd4 c5 22. Ba1 Rc7 23. b5 Nb6 24. g4 Bg6 25.
Rd6 Rxf1+ 26. Kxf1 Kf7 27. Bc3 Nd7 28. Ba5 b6 29. Bc3 Ke7 30. Bf3 Nb8 31. Kf2 Bc2 32.
Ke3 h6 33. Rd2 Bg6 34. a4 Nd7 35. Rd6 Be8 36. a5 Rc8 37. a6 Rc7 38. Bb7 Nb8 39. Rd1 Rd7 40. Rd6 Rc7 41. Be4 Rd7 42. Kf4 g5+ 43. Ke3 Rxd6 44. exd6+ Kxd6 45. Bg7 Nd7 46.
Bxh6 Ne5 47. Bxg5 Nxc4+ 48. Kf3 Bxb5 49. Bb7 Ne5+ 50. Kg3 Nd3 51. Bd8 c4 52. Bxb6 c3 53. Bxa7 c2 54. Be3 Bxa6 55. Bxa6 c1=Q 56. Bxc1 Nxc1 57.
Kf4 Nb3 58. g5 Ke7 59. Bc4 Nd4 60. Kg4 Kf7 61. Kh5 Kg7 62. g6 e5 63. Kg5 e4 64.
Kf4 Kxg6 65. Kxe4 Nf5 66. Kf4 Kf6 67. Bd3 Ne7 68. Be4 Ng8 69. g4 Ne7 70. g5+ Kg7 71.
Ke5 Ng6+ 72. Ke6 Nf8+ 73. Ke5 Ng6+ 74. Kf5 Nf8 75. Kg4 Ne6 76. g6 Nf8 77. Kg5 Nxg6 78.
Bxg6 1/2-1/2

[Event "*** Titled Tuesday Blitz"]
[Site "Chess.com"]
[Date "2018.01.02"]
[Round "7"]
[White "Slmctk"]
[Black "Kawhi_Leonard2"]
[Result "1-0"]
[WhiteElo "2360"]
[BlackElo "2175"]
[TimeControl "180+2"]
[EndTime "14:37:45 PST"]
[Termination "Slmctk won by resignation"]

1. e4 c5 2. Nc3 Nc6 3. Nge2 g6 4. d4 cxd4 5. Nxd4 Bg7 6. Be3 d6 7. Bc4 Nf6 8. h3 O-O 9. O-O Nxe4 10. Nxe4 d5 11.
Nxc6 bxc6 12. Bd3 dxe4 13. Bxe4 Ba6 14. Re1 Bxb2 15. Rb1 Bc3 16. Qxd8 Rfxd8 17. Red1 Bb5 18. Rxd8+ Rxd8 19. Bxa7 Ra8 20. Bc5 f5 21. Rxb5 fxe4 22. Rb3 Be5 23. a3 Rd8 24. g4 Rd2 25. c3 Bd6 26.
Bxd6 exd6 27. Rb6 c5 28. a4 d5 29. Rc6 c4 30. a5 d4 31. cxd4 Rxd4 32. a6 Rd1+ 33. Kg2 Ra1 34. Rc8+ Kg7 35. Rc7+ Kf6 36. a7 h5 37. gxh5 gxh5 38. Kg3 c3 39. Kf4 c2 40. Rc6+ Kg7 41. Rc7+ Kf6 42. Rc6+ Kg7 43. Rxc2 Rxa7 44. Kxe4 Kf6 45. Rc6+ Kf7 46. Kf3 Ra4 47. Rc3 h4 48. Kg2 Kg6 49. Rf3 Kg5 50. Rf8 Rb4 51.
Rg8+ Kh5 52. Rh8+ Kg5 53. Re8 Ra4 54. Re5+ Kg6 55. Kf3 Rb4 56. Re4 Rb3+ 57. Kg4 Rb1 58.
Kxh4 Kf6 59. Kg3 Kf5 60. Rf4+ Kg5 61. Rf3 Rb2 62. Rc3 Ra2 63. h4+ Kg6 64. Rc6+ Kf5 65. Rc5+ Kf6 66. f3 Ra1 67. Kg4 Rg1+ 68. Kf4 Rh1 69. h5 Rh2 70. Rc6+ Kf7 71. Kg4 Rg2+ 72. Kf5 Rh2 73. h6 Rh1 74. f4 Rh2 75. Rc7+ Kf8 76. Kg6 Rg2+ 77. Kf6 Rh2 78. h7 Rh6+ 79. Kg5 Rh1 80.
f5 Rh2 81. Kg6 Rh1 82. h8=Q+ 1-0

[Event "*** Titled Tuesday Blitz"]
[Site "Chess.com"]
[Date "2018.01.02"]
[Round "7"]
[White "SanQui14"]
[Black "Mikhail_Golubev"]
[Result "0-1"]
[WhiteElo "2183"]
[BlackElo "2258"]
[TimeControl "180+2"]
[EndTime "14:38:41 PST"]
[Termination "Mikhail_Golubev won by resignation"]

1. e4 c5 2. Nf3 d6 3. d4 cxd4 4. Qxd4 Bd7 5. c4 Nc6 6. Qd1 Nf6 7. Nc3 g6 8. Be2 Bg7 9. O-O O-O 10. Rb1 Bg4 11.
b3 Nd7 12. Bb2 Qa5 13. Qd2 Bxf3 14. Bxf3 Nd4 15. Bg4 Ne5 16. Bd1 b5 17. Kh1 bxc4 18.
Qxd4 Nd3 19. Qxc4 Nxb2 20. Rxb2 Bxc3 21. Rc2 Rfc8 22. Qd3 Rc5 23. Bg4 h5 24. Bh3 Bf6 25. Rfc1 Rxc2 26. Qxc2 e6 27. Qd3 Qg5 28. Rc7 Qf4 29.
Qg3 Qxe4 30. Rc1 Be5 31. Qe3 Qxe3 32. fxe3 d5 33. g3 a5 34. Bf1 a4 35. b4 a3 36.
b5 Ra4 37. Rb1 Bb2 38. Bd3 e5 39. Kg2 e4 40. Be2 d4 41. exd4 Rxd4 42. Kf2 f5 43. Ke3 Rb4 44. Rd1 Kf7 45. Rd7+ Ke6 46. Rd1 Ke5 47. Rd8 Bd4+ 48. Kd2 Rb2+ 49. Kd1 Rxa2 50. Re8+ Kf6 51. Rd8 Bc5 52. Rd5 Ra1+ 53. Kc2 Ra2+ 54.
Kd1 Rb2 55. Rxc5 a2 56. Rc6+ Kg5 57. Ra6 Rb1+ 58. Kc2 a1=Q 59. Rxa1 Rxa1 60. Kc3 Rb1 61. Bc4 Rc1+ 62. Kd4 Rd1+ 63. Kc5 e3 64. b6 Rb1 65.
Bb5 Rc1+ 66. Kd4 Rb1 67. Kc5 Rc1+ 68. Kd4 Rc8 69. Kxe3 Rb8 70. Bd3 Rxb6 71. Be2 Rb3+ 72. Kf2 Rb2 73. Kf3 Rb3+ 74. Kf2 Kf6 75. Bc4 Rb2+ 76.
Be2 g5 77. Kf1 Ke5 78. h3 g4 79. hxg4 hxg4 80. Bd3 Kf6 81. Be2 Kg5 82. Bd1 f4 83. gxf4+ Kxf4 84. Ba4 Kg3 85. Bc6 Rb1+ 86. Ke2 Kh2 87.
Be4 Rb2+ 88. Kf1 g3 89. Bf3 Rf2+ 90. Ke1 Rxf3 0-1

[Event "*** Titled Tuesday Blitz"]
[Site "Chess.com"]
[Date "2018.01.02"]
[Round "7"]
[White "Vrolijk"]
[Black "Kimster98"]
[Result "1-0"]
[WhiteElo "2443"]
[BlackElo "2469"]
[TimeControl "180+2"]
[EndTime "14:38:48 PST"]
[Termination "Vrolijk won by resignation"]

1. d4 Nf6 2. c4 e6 3. Nf3 d5 4. g3 dxc4 5. Bg2 a6 6. O-O Nc6 7. e3 Bd6 8. Nfd2 O-O 9. Nxc4 Bd7 10. Nc3 Qe7 11. Nxd6 cxd6 12. d5 exd5 13. Nxd5 Nxd5 14. Qxd5 Be6 15. Qd1 d5 16. b3 Qf6 17. Rb1 d4 18.
Bb2 Rfd8 19. Bxc6 bxc6 20. Bxd4 Qf5 21. Rc1 Bd5 22. f3 Qd7 23. Qe2 a5 24. Rfd1 Qb7 25.
e4 Be6 26. Qe3 a4 27. Qg5 f6 28. Bxf6 Rxd1+ 29. Rxd1 axb3 30. axb3 h6 31. Qg6 Qf7 32.
Qxf7+ Bxf7 33. Be5 Re8 34. Bb2 Bxb3 35. Rd7 Bf7 36.
Rc7 Rb8 37. Bd4 Rb4 38. Bc5 Rb1+ 39. Kf2 Be8 40. Bd4 Bf7 41. Rc8+ Kh7 42. Rxc6 Rd1 43. Ke3 Re1+ 44. Kf4 Rd1 45. Rc7 Kg8 46. Bc5 Rf1 47.
h4 g5+ 48. hxg5 hxg5+ 49. Kg4 Be6+ 50. Kxg5 Rxf3 51. Bd6 Rd3 52. Be5 Rd7 53. Rxd7 Bxd7 54. Kf6 Kf8 55. Bd6+ Ke8 56. e5 Bg4 57. e6 Bh3 58. e7 Bg4 59. Kg6 Bh3 60. Kg5 Kf7 61. Kh4 Bd7 62. g4 Kg6 63. Be5 Bc6 64. Kg3 Bd7 65. Kf4 Kf7 66. Bd6 Bc8 67. Kg5 Bd7 68. Kh5 Ke6 69. Bb4 Be8+ 70. Kh6 Kf6 71. Ba3 Kf7 72.
g5 Bd7 73. g6+ Kg8 74. Kg5 Kg7 75. Bb2+ Kg8 76. Kf6 Be8 77. Bc1 Bd7 78. Bh6 Be8 79.
Bf8 Bd7 80. Bh6 Be8 81. Bf4 Bd7 82. Bg5 Be8 83. Bh6 Bd7 84. g7 Be8 85. Ke6 Bb5 86. Kd6 Kf7 87. Kc7 Ba4 88. Kd8 Bb5 89. Kc7 Ba4 90.
Kd6 Be8 91. Ke5 Bd7 92. Kf4 Be6 93. g8=Q+ Kxe7 94. Qg7+ Kd6 95. Qe5+ 1-0

[Event "*** Titled Tuesday Blitz"]
[Site "Chess.com"]
[Date "2018.01.02"]
[Round "8"]
[White "oskariot"]
[Black "aquiles88"]
[Result "1-0"]
[WhiteElo "2376"]
[BlackElo "2069"]
[TimeControl "180+2"]
[EndTime "14:41:36 PST"]
[Termination "oskariot won by resignation"]

1. e4 g6 2. Nc3 Bg7 3. h4 h5 4. d4 c5 5. Be3 cxd4 6. Bxd4 Nf6 7. e5 Ng4 8. e6 Nf6 9. exf7+ Kxf7 10. Nh3 Nc6 11.
Ng5+ Kf8 12. Bc4 Nxd4 13. Qxd4 e6 14. Qd3 Rh6 15. O-O-O a6 16. Nxe6+ 1-0

[Event "*** Titled Tuesday Blitz"]
[Site "Chess.com"]
[Date "2018.01.02"]
[Round "8"]
[White "dawtonlms"]
[Black "maciek_92"]
[Result "0-1"]
[WhiteElo "2401"]
[BlackElo "2551"]
[TimeControl "180+2"]
[EndTime "14:41:47 PST"]
[Termination "maciek_92 won by checkmate"]

1. e4 c5 2. Nf3 Nc6 3. Bb5 g6 4. Bxc6 bxc6 5. O-O Bg7 6. Re1 Nf6 7. c3 O-O 8. d4 cxd4 9. cxd4 d6 10. Nc3 Rb8 11.
b3 a5 12. Bb2 Qc7 13. Rc1 Qa7 14. Qd2 Bg4 15. Na4 Rfc8 16. e5 Nd5 17. exd6 exd6 18.
Ng5 Qd7 19. Ne4 Bf5 20. Qxa5 h6 21. Qd2 Re8 22. f3 g5 23. Nac3 Nf4 24. Ne2 Ng6 25. N2g3 Be6 26. d5 cxd5 27. Bxg7 Kxg7 28. Qb2+ Ne5 29.
Nc3 Qa7+ 30. Kh1 Nd3 31. Qa1 Nf2+ 32. Kg1 Nh3+ 33. Kh1 Qg1+ 34. Rxg1 Nf2# 0-1

[Event "*** Titled Tuesday Blitz"]
[Site "Chess.com"]
[Date "2018.01.02"]
[Round "8"]
[White "TastyFrenchFries"]
[Black "theblitzchamp"]
[Result "0-1"]
[WhiteElo "2320"]
[BlackElo "2458"]
[TimeControl "180+2"]
[EndTime "14:43:05 PST"]
[Termination "theblitzchamp won by resignation"]

1. e4 e5 2. Nf3 Nc6 3. Bb5 Nge7 4. d3 g6 5. c3 Bg7 6. Ba4 O-O 7. Qe2 d5 8. Bc2 h6 9. O-O f5 10. a4 Be6 11. Na3 dxe4 12. dxe4 f4 13. Rd1 Qe8 14. Ne1 Kh7 15. Nb5 Rc8 16. Nd3 a6 17. Nc5 f3 18. gxf3 Bh3 19. Na3 g5 20. f4 gxf4 21.
Qf3 Qg6+ 22. Kh1 Bg4 23. Qg2 Qh5 0-1

[Event "*** Titled Tuesday Blitz"]
[Site "Chess.com"]
[Date "2018.01.02"]
[Round "8"]
[White "geeeeri"]
[Black "manubibi"]
[Result "1/2-1/2"]
[WhiteElo "2418"]
[BlackElo "2452"]
[TimeControl "180+2"]
[EndTime "14:43:23 PST"]
[Termination "Game drawn by agreement"]

1. e4 c5 2. Nf3 d6 3. d4 cxd4 4. Nxd4 Nf6 5. Bd3 g6 6. c4 Bg7 7. Nc3 O-O 8. b3 Nc6 9. Nxc6 bxc6 10. Bb2 Qa5 11. O-O Nxe4 12. Bxe4 Bxc3 13. Bxc3 Qxc3 14. Bxc6 Rb8 15. Rc1 Qf6 16. Re1 Be6 17. Qd2 Rfc8 18. Bf3 Rc5 19. Re3 a5 20. Rce1 a4 21. Bd5 Bxd5 22. cxd5 axb3 23. axb3 Rbb5 24. Rxe7 Kg7 25. Qe3 Rxd5 26. g3 Re5 27. Rxe5 1/2-1/2

[Event "*** Titled Tuesday Blitz"]
[Site "Chess.com"]
[Date "2018.01.02"]
[Round "8"]
[White "JordiQC"]
[Black "tteshan"]
[Result "0-1"]
[WhiteElo "1874"]
[BlackElo "2039"]
[TimeControl "180+2"]
[EndTime "14:43:40 PST"]
[Termination "tteshan won by checkmate"]

1. e4 c5 2. Nc3 e6 3. f4 d6 4. Nf3 Nf6 5. Bb5+ Nc6 6. Bxc6+ bxc6 7. O-O Be7 8. d3 Ba6 9. e5 Nd5 10. Ne4 dxe5 11. Nxe5 Qc7 12. Qh5 Bf6 13. Nxc5 g6 14. Nxa6 Qb6+ 15. Kh1 gxh5 16. c4 Qxa6 17. cxd5 cxd5 18. Be3 Bxe5 19. fxe5 Qxd3 20. Bc5 Rg8 21. Rf2 Qc4 22. Bd6 Qe4 23. Raf1 Rc8 24. b4 Rc2 25.
Bc5 Rxf2 26. Rxf2 Qe1+ 27. Rf1 Qxf1+ 28. Bg1 Qxg2# 0-1

[Event "*** Titled Tuesday Blitz"]
[Site "Chess.com"]
[Date "2018.01.02"]
[Round "8"]
[White "BillieKimbah"]
[Black "severomorskij"]
[Result "0-1"]
[WhiteElo "2709"]
[BlackElo "2684"]
[TimeControl "180+2"]
[EndTime "14:43:52 PST"]
[Termination "severomorskij won by resignation"]

1. d4 Nf6 2. c4 e6 3. g3 d5 4.
Bg2 dxc4 5. Nf3 Bd7 6. Ne5 Bc6 7.
Nxc6 Nxc6 8. O-O Qd7 9. e3 O-O-O 10. Nd2 e5 11. Nxc4 exd4 12. Qa4 Qe6 13. exd4 Rxd4 14.
b3 Ne4 15. Be3 Nc3 16. Bxc6 Nxa4 17. Bxa4 Rd8 18. Rfc1 Kb8 19. b4 Be7 20. Bb3 Qf5 21. Bf4 Bd6 22. Nxd6 cxd6 23. Rd1 Qf6 24. Rd5 Qxa1+ 0-1

[Event "*** Titled Tuesday Blitz"]
[Site "Chess.com"]
[Date "2018.01.02"]
[Round "8"]
[White "hypert"]
[Black "SquashMaestro"]
[Result "0-1"]
[WhiteElo "2284"]
[BlackElo "2253"]
[TimeControl "180+2"]
[EndTime "14:43:53 PST"]
[Termination "SquashMaestro won by resignation"]

1. d4 d5 2. c4 Nc6 3. cxd5 Qxd5 4. e3 e5 5. Nc3 Bb4 6. Bd2 Bxc3 7. Bxc3 exd4 8.
Ne2 Nf6 9. Nxd4 Nxd4 10. Qxd4 O-O 11. Bc4 Qxg2 12. O-O-O Qe4 13. Qxf6 gxf6 14. Rhg1+ Qg6 15.
Bxf6 Bg4 16. f3 Qxf6 17. Rxg4+ Kh8 18. Rf4 Qc6 19. Kb1 Rad8 20. Rc1 Qg6+ 21. Ka1 Qc2 22.
Rb1 Rd1 0-1

[Event "*** Titled Tuesday Blitz"]
[Site "Chess.com"]
[Date "2018.01.02"]
[Round "8"]
[White "GMHess"]
[Black "ViktorMatviishen"]
[Result "0-1"]
[WhiteElo "2620"]
[BlackElo "2314"]
[TimeControl "180+2"]
[EndTime "14:44:04 PST"]
[Termination "ViktorMatviishen won on time"]

1. d4 Nf6 2. c4 e6 3. Nc3 Bb4 4. Qc2 c5 5. dxc5 Na6 6. a3 Bxc3+ 7. Qxc3 Nxc5 8. b4 Nce4 9. Qb2 d5 10. c5 a5 11. f3 axb4 12. fxe4 Qa5 0-1

[Event "*** Titled Tuesday Blitz"]
[Site "Chess.com"]
[Date "2018.01.02"]
[Round "8"]
[White "TenisMaster"]
[Black "GGuseinov"]
[Result "1/2-1/2"]
[WhiteElo "2710"]
[BlackElo "2722"]
[TimeControl "180+2"]
[EndTime "14:44:25 PST"]
[Termination "Game drawn by repetition"]

1. e4 c5 2. Nf3 g6 3. c3 d5 4. e5 Nc6 5. d4 Bg4 6. Nbd2 cxd4 7. cxd4 Qa5 8. Qb3 Qb4 9. Bb5 Qxb3 10. Nxb3 Bxf3 11.
gxf3 e6 12. Bxc6+ bxc6 13. Bd2 Ne7 14. Rc1 Rc8 15. Ke2 Nf5 16. Rc2 Kd7 17. Rhc1 Be7 18.
Kd3 Rc7 19. Na5 Rhc8 20. b4 h5 21. a3 Bf8 22. Be3 Be7 23. Ke2 Nh4 24. Bf4 Nf5 25. Be3 Nh4 26. Bf4 Nf5 27. Be3 Nh4 1/2-1/2

[Event "*** Titled Tuesday Blitz"]
[Site "Chess.com"]
[Date "2018.01.02"]
[Round "8"]
[White "Keaton87"]
[Black "Jbd735"]
[Result "1-0"]
[WhiteElo "2513"]
[BlackElo "2289"]
[TimeControl "180+2"]
[EndTime "14:44:43 PST"]
[Termination "Keaton87 won by resignation"]

1. e4 e5 2. Nf3 Nc6 3. Bb5 a6 4. Ba4 Nf6 5. d4 exd4 6. O-O b5 7. Bb3 Nxe4 8. Re1 d5 9. Ng5 Bf5 10. f3 Bb4 11. fxe4 Bxe1 12. Qxe1 Bxe4 13. Nxe4 dxe4 14. Qxe4+ Ne7 15. Bg5 f6 16. Bf4 c5 17. Be6 Ra7 18.
Nd2 Qb6 19. Re1 Kd8 20. c3 Qc6 21. Qd3 Ke8 22. cxd4 c4 23. Qe3 Kf8 24. d5 Qb7 1-0

[Event "*** Titled Tuesday Blitz"]
[Site "Chess.com"]
[Date "2018.01.02"]
[Round "8"]
[White "Frolik67"]
[Black "arna"]
[Result "1-0"]
[WhiteElo "2425"]
[BlackElo "2096"]
[TimeControl "180+2"]
[EndTime "14:44:54 PST"]
[Termination "Frolik67 won by resignation"]

1. e4 c5 2. Nf3 Nc6 3. Bb5 g6 4. O-O Bg7 5. Re1 Nf6 6. Nc3 O-O 7. d3 Ne8 8. Be3 Nd4 9. Bxd4 cxd4 10. Ne2 e5 11. c3 dxc3 12. Nxc3 Nc7 13. Rc1 d6 14. Bc4 Be6 15. Qb3 b6 16. Nd5 Nxd5 17. Bxd5 Bxd5 18. Qxd5 Rc8 19. Nd2 Bh6 20. Rxc8 Qxc8 21. Nc4 Rd8 22. h3 Qc7 23. Re2 Bf8 24. Rc2 Qd7 25. Ne3 Rc8 26.
Qb3 Rxc2 27. Qxc2 h5 28. Nd5 Be7 29. Qc8+ Qd8 30. Nxe7+ 1-0

[Event "*** Titled Tuesday Blitz"]
[Site "Chess.com"]
[Date "2018.01.02"]
[Round "8"]
[White "Abrito99"]
[Black "VeraNebolsina"]
[Result "1-0"]
[WhiteElo "2389"]
[BlackElo "2279"]
[TimeControl "180+2"]
[EndTime "14:45:28 PST"]
[Termination "Abrito99 won by resignation"]

1. e4 c5 2. d4 cxd4 3. c3 Nf6 4. e5 Nd5 5. Nf3 Nc6 6. Bc4 Nb6 7. Bb3 d5 8. exd6 Qxd6 9. O-O Be6 10. Na3 Bxb3 11.
Qxb3 Qd5 12. Nb5 Qxb3 13. axb3 O-O-O 14. Nfxd4 Nxd4 15. Nxa7+ Kb8 16. Bf4+ e5 17. Bxe5+ Bd6 18. Bxd4 Nc8 19. Nb5 f6 20. Ra4 b6 21. Rfa1 Be5 22.
Be3 Kb7 23. g3 Rd7 24. Kg2 Rhd8 25. Na3 Bb8 26. Nc4 g6 27. Rb4 Bc7 28. Na5+ 1-0

[Event "*** Titled Tuesday Blitz"]
[Site "Chess.com"]
[Date "2018.01.02"]
[Round "8"]
[White "LawrenceTrent"]
[Black "rasool78"]
[Result "1-0"]
[WhiteElo "2393"]
[BlackElo "2307"]
[TimeControl "180+2"]
[EndTime "14:45:41 PST"]
[Termination "LawrenceTrent won on time"]

1. e4 g6 2. d4 Bg7 3. Nc3 c5 4. dxc5 Bxc3+ 5. bxc3 Qa5 6. Bd2 Qxc5 7. Bd3 Nf6 8. Nf3 d6 9. h3 Nbd7 10. O-O O-O 11. Qe2 b6 12. Rfe1 Bb7 13. Nd4 Qc8 14.
f4 Nc5 15. e5 Nfe4 16. Qe3 Nxd3 17. cxd3 Nxd2 18. Qxd2 Qc5 19. Kh2 Rac8 20. Rac1 Rfd8 21. e6 f6 22. Qf2 Qd5 23. Re2 b5 24. a3 a6 25. Qh4 Rc5 26. f5 g5 27. Qh5 Ba8 28. Qf7+ Kh8 29. Qxe7 Rg8 30. Qxf6+ 1-0